 Dungeon Crawl Stone Soup version 0.29.0-5-ge4962eb29e (webtiles) character file.

Game seed: 2457805653277079051

7713 Arum the Fighter (level 11, -3/96 HPs)
             Began as a Formicid Fighter on Aug 28, 2022.
             Was a High Priest of Fedhas.
             Killed from afar by Lodul (31 damage)
             ... with a bolt of lightning
             ... on level 10 of the Dungeon.
             The game lasted 00:17:32 (8676 turns).

Arum the Fighter (Formicid Fighter)                 Turns: 8676, Time: 00:17:33

Health: -3/96      AC: 22    Str: 35    XL:     11   Next: 42%
Magic:  11/15      EV: 13    Int:  8    God:    Fedhas [*****.]
Gold:   348        SH:  5    Dex: 13    Spells: 10/10 levels left

rFire   . . .      SeeInvis +   a - +0 quarterstaff
rCold   + . .      Faith    .   c - +0 buckler
rNeg    . . .      Spirit   .   z - +8 chain mail "Piguduim" {+Blink rC+ Str+4}
rPois   .          Reflect  .   (helmet unavailable)
rElec   .          Harm     .   (no cloak)
rCorr   .          Rampage  .   w - +0 pair of gloves
Will    +....                   y - +0 pair of boots
Stlth   ..........              E - amulet of regeneration
HPRegen 1.06/turn               q - +6 ring of strength
MPRegen 0.14/turn               r - +4 ring of evasion

@: no status effects
A: permanent stasis, dig shafts and tunnels, antennae 3, four strong arms
a: Dig, Shaft Self, Renounce Religion, Wall of Briars, Grow Ballistomycete,
Overgrow, Grow Oklob


You were on level 10 of the Dungeon.
You worshipped Fedhas.
Fedhas was extremely pleased with you.
You visited 1 branch of the dungeon, and saw 10 of its levels.

You collected 537 gold pieces.
You spent 189 gold pieces at shops.

Inventory:

Hand Weapons
 a - a +0 quarterstaff (weapon)
Missiles
 f - a throwing net
Armour
 c - a +0 buckler (worn)
 w - a +0 pair of gloves (worn)
 y - a +0 pair of boots (worn)
 z - the +8 chain mail "Piguduim" (worn) {+Blink rC+ Str+4}
   (You found it on level 4 of the Dungeon)

   Str:       It affects your strength (+4).
   rC:        It protects you from cold.
   +Blink:    It lets you blink.
 A - the +2 leather armour of Lifelessness {rF++ rC-}
   (You found it on level 6 of the Dungeon)

   rF:        It greatly protects you from fire.
   rC:        It makes you vulnerable to cold.
Jewellery
 q - a +6 ring of strength (left hand)
 r - a +4 ring of evasion (right hand)
 E - an amulet of regeneration (around neck)
Wands
 x - a wand of digging (4)
 H - a wand of paralysis (6)
 I - a wand of flame (8)
 J - a wand of quicksilver (5)
Scrolls
 b - 2 scrolls of magic mapping {unknown}
 g - a scroll of enchant armour {unknown}
 h - 3 scrolls of fog {unknown}
 i - 5 scrolls of blinking {unknown}
 k - 3 scrolls of summoning {unknown}
 m - 4 scrolls of identify
 n - 2 scrolls of vulnerability {unknown}
 p - a scroll of brand weapon {unknown}
 v - a scroll of poison {unknown}
 B - 3 scrolls of fear {unknown}
 K - a scroll of amnesia {unknown}
Potions
 d - 3 potions of might
 e - 2 potions of brilliance
 j - 4 potions of heal wounds
 l - a potion of invisibility
 o - 4 potions of curing
 s - 2 potions of flight
 t - a potion of cancellation {unknown}
 u - 3 potions of mutation
 D - a potion of magic
 F - a potion of ambrosia
 G - a potion of lignification


   Skills:
 * Level 12.7 Fighting
 + Level 8.3 Staves
 + Level 9.4 Armour
 - Level 5.0 Shields
 + Level 6.1 Invocations


You had 10 spell levels left.
You didn't know any spells.
Your spell library contained the following spells:

 Spells                   Type           Power      Damage    Failure   Level
 Call Canine Familiar     Summ           0%         N/A       99%         3
 Lesser Beckoning         Tloc           0%         N/A       99%         3
 Portal Projectile        Hex/Tloc       0%         N/A       99%         3
 Corpse Rot               Necr/Pois/Air  0%         N/A       100%        4
 Dispel Undead            Necr           0%         3d6       100%        4
 Leda's Liquefaction      Hex/Erth       0%         N/A       100%        4
 Manifold Assault         Tloc           0%         N/A       100%        5
 Death Channel            Necr           0%         N/A       100%        6
 Storm Form               Tmut/Air       0%         N/A       100%        7
 Blink                    Tloc           Unusable   N/A       N/A         2

Dungeon Overview and Level Annotations

Branches:
Dungeon (10/15)            Temple (0/1) D:6             Orc (0/2) D:10
   Lair: D:8-11

Altars:
Ashenzari
Elyvilon
Fedhas
Hepliaklqana
Kikubaaqudgha
Makhleb
Nemelex Xobeh
Okawaru
Trog
Xom
Yredelemnul
Zin
The Shining One

Shops:
D:4 *   D:5 *   D:6 [   D:7 [   D:8 *

Annotations:
D:10 Lodul


Innate Abilities, Weirdness & Mutations

You cannot be hasted, slowed, berserked, paralysed or teleported.
You can dig through walls and to a lower floor.
You have a pair of large antennae on your head. (SInv)
Your four strong arms can wield two-handed weapons with a shield.


Message History

The bolt of dispelling energy hits Lodul!!
Lodul is moderately wounded.
Electricity crackles from Lodul's apparatus.
The bolt of lightning hits you!
* * * LOW HITPOINT WARNING * * *
The ogre hits your oklob plant with a +0 giant club!
Your oklob plant is destroyed!
Your oklob plant disappears in a puff of smoke!
There are monsters nearby!
Aiming: Quicksilver Bolt
Press: ? - help, Shift-Dir - straight line, f/p - Lodul
Aim: Lodul, wielding a +0 dire flail (moderately wounded, 83% to hit)
The bolt of dispelling energy misses the acid dragon.
The bolt of dispelling energy hits the ogre!
The ogre is moderately wounded.
The bolt of dispelling energy hits Lodul!
Lodul is heavily wounded.
The acid dragon bites you.
* * * LOW HITPOINT WARNING * * *
The acid dragon claws you but does no damage.
You feel much better.
An ogre comes into view. It is wielding a +0 giant spiked club.
The acid dragon closely misses you. x2
Press: ? - help, v - describe, . - travel The floor.
Unknown command.
Electricity crackles from Lodul's apparatus.
The bolt of lightning hits you!
* * * LOW HITPOINT WARNING * * *
The ogre misses you. The ogre attacks as you move away!
The ogre closely misses you.
The acid dragon attacks as you move away!
The acid dragon bites you but does no damage.
The acid dragon claws you but does no damage.
The acid dragon spits acid at you. The splash of acid misses you.
Electricity crackles from Lodul's apparatus.
The bolt of lightning hits you!!
You die...
Fedhas appreciates your contribution to the ecosystem.

### ##############
### ## ...## ###
.....## #.####
....#..## ###
####†..###
.....O..###.##
######...###...
......))...#.#
#.##..#### ####
###.)†OOO..###....##
#..#.###.D.@.....##
# #. #####.##### ##
###


You could see Lodul, an acid dragon (catching breath) and 2 ogres.

Vanquished Creatures
  A two-headed ogre (D:9)
  A deep elf pyromancer (D:7)
  Joseph (D:8)
  A komodo dragon (D:10)
  A troll (D:9)
  3 yaks (D:9)
  A shadow (D:10)
  3 wyverns
  3 steam dragons
  Grum (D:10)
  Edmund (D:5)
  A warg (D:10)
  A sky beast (D:8)
  An ice beast (D:7)
  3 orc warriors
  2 ogres (D:10)
  4 wolves (D:10)
  A kobold brigand (D:9)
  2 phantoms
  2 bullfrogs
  A necrophage (D:5)
  2 scorpions
  17 wights
  4 killer bees
  2 electric eels (D:8)
  5 howler monkeys
  5 hounds
  5 jellies
  9 orc priests
  5 iguanas
  9 orc wizards
  6 adders
  16 gnolls
  A shadow imp (D:6)
  4 white imps
  2 worms
  5 dart slugs
  31 orcs
  6 ball pythons
  A bat (D:2)
  3 endoplasms
  3 giant cockroaches
  6 goblins
  8 hobgoblins
  4 jackals
  2 quokkas
  3 frilled lizards (D:3)
  12 kobolds
  3 rats
214 creatures vanquished.

Vanquished Creatures (collateral kills)
  An ogre (D:10)
  17 ballistomycete spores
18 creatures vanquished.

Vanquished Creatures (others)
  3 orcs (D:8)
  A ballistomycete spore (D:9)
  7 fungi
11 creatures vanquished.

Grand Total: 243 creatures vanquished

Notes
Turn   | Place    | Note
-------+----------+-------------------------------------------
     0 | D:1      | Arum the Formicid Fighter began the quest for the Orb.
     0 | D:1      | Reached XP level 1. HP: 18/18 MP: 1/1
   243 | D:1      | Reached XP level 2. HP: 18/24 MP: 2/2
   589 | D:2      | Reached XP level 3. HP: 19/30 MP: 3/3
   921 | D:2      | Found a faded altar of an unknown god.
  1023 | D:2      | Prayed at the altar of an unknown god.
  1023 | D:2      | Became a worshipper of Fedhas Madash
  1023 | D:2      | Reached * piety under Fedhas
  1059 | D:2      | Reached skill level 4 in Fighting
  1076 | D:2      | Reached XP level 4. HP: 37/37 MP: 4/4
  1619 | D:3      | Reached XP level 5. HP: 43/43 MP: 5/5
  1625 | D:3      | Reached ** piety under Fedhas
  1953 | D:3      | Found a glowing silver altar of Zin.
  2047 | D:3      | Found a glowing golden altar of the Shining One.
  2057 | D:3      | Found a basalt altar of Yredelemnul.
  2227 | D:3      | Noticed an angel
  2359 | D:4      | Identified the +8 chain mail "Piguduim" {+Blink rC+ Str+4}
  2523 | D:4      | Noticed a phantom
  2557 | D:4      | Killed a phantom
  2558 | D:4      | Reached skill level 5 in Fighting
  2558 | D:4      | Reached skill level 5 in Shields
  2558 | D:4      | Reached XP level 6. HP: 47/51 MP: 6/6
  2598 | D:4      | Found Fovugget's Gadget Gallery.
  3130 | D:5      | Entered Level 5 of the Dungeon
  3153 | D:5      | Reached skill level 6 in Fighting
  3153 | D:5      | Reached XP level 7. HP: 58/58 MP: 7/7
  3641 | D:5      | Found Cyerial's Commerce Corner.
  3641 | D:5      | Noticed Edmund
  3645 | D:5      | Reached *** piety under Fedhas
  3646 | D:5      | Reached skill level 5 in Armour
  3672 | D:5      | Killed Edmund
  3744 | D:5      | Reached skill level 7 in Fighting
  3749 | D:5      | Reached XP level 8. HP: 45/67 MP: 8/8
  4630 | D:6      | Found a staircase to the Ecumenical Temple.
  4753 | D:6      | Identified the +2 leather armour of Lifelessness {rF++ rC-}
  4788 | D:6      | Reached **** piety under Fedhas
  4825 | D:6      | Reached skill level 8 in Fighting
  4825 | D:6      | Reached skill level 5 in Staves
  5213 | D:6      | Found Plog's Antique Armour Boutique.
  5248 | D:6      | Found a hazy altar of Hepliaklqana.
  5248 | D:6      | Found a sparkling altar of Nemelex Xobeh.
  5253 | D:6      | Found a broken altar of Ashenzari.
  5255 | D:6      | Found a burning altar of Makhleb.
  5256 | D:6      | Found a bloodstained altar of Trog.
  5259 | D:6      | Found an ancient bone altar of Kikubaaqudgha.
  5271 | D:6      | Found an iron altar of Okawaru.
  5543 | D:7      | Reached XP level 9. HP: 69/75 MP: 9/9
  5732 | D:7      | Reached skill level 9 in Fighting
  5841 | D:7      | Found a shimmering altar of Xom.
  5963 | D:7      | Found a white marble altar of Elyvilon.
  6040 | D:7      | Reached skill level 1 in Invocations
  6145 | D:7      | Found Bosiejok's Armour Emporium.
  6312 | D:7      | Noticed a deep elf pyromancer
  6317 | D:7      | Killed a deep elf pyromancer
  6318 | D:7      | Reached skill level 10 in Fighting
  6425 | D:8      | Reached XP level 10. HP: 85/85 MP: 10/12
  6432 | D:8      | Noticed Joseph
  6462 | D:8      | Killed Joseph
  6664 | D:8      | Found Huaptai's Assorted Antiques.
  6677 | D:8      | Bought a scroll labelled IJOXOO ISKOQOTZE for 21 gold
                  | pieces
  6677 | D:8      | Bought a scroll of identify for 42 gold pieces
  6677 | D:8      | Bought a scroll of identify for 42 gold pieces
  6677 | D:8      | Bought 2 scrolls labelled IJOXOO ISKOQOTZE for 42 gold
                  | pieces
  6677 | D:8      | Bought a scroll of identify for 42 gold pieces
  6718 | D:8      | Reached skill level 11 in Fighting
  6775 | D:8      | Reached ***** piety under Fedhas
  7224 | D:8      | You fall into a shaft and drop 2 floors!
  7224 | D:10     | Entered Level 10 of the Dungeon
  7423 | D:9      | Reached skill level 5 in Invocations
  7459 | D:9      | Noticed a two-headed ogre
  7475 | D:9      | Killed a two-headed ogre
  7476 | D:9      | Reached XP level 11. HP: 84/95 MP: 14/14
  7552 | D:9      | Reached skill level 12 in Fighting
  8162 | D:10     | Found a staircase to the Orcish Mines.
  8178 | D:10     | Noticed Grum
  8199 | D:10     | Killed Grum
  8663 | D:10     | Noticed Lodul
  8676 | D:10     | Killed from afar by Lodul

Illustrated notes

Levels and vault maps discovered:
D:1:      zaba_arrival_water, layout_rooms, chequers_serial_rivers_room_b
D:2:      layout_loops_ring, hellmonk_ecumenical_altar_dog_temple
D:3:      layout_rooms, grunt_temple_overflow_holy_war, zin_statuary,
          wad_floor_pattern_1, chequers_serial_rivers_small_b, hex_tiny,
          kennysheep_path_1
D:4:      layout_loops_ring, serial_aquarium, aquarium_bridge_island_small
          [aquarium_subvault_small_open, aquarium_subvault_bridge,
          aquarium_subvault_balcony, aquarium_subvault_bridge,
          aquarium_subvault_bridge], aquarium_window_1, aquarium_window_1,
          aquarium_view_2c, aquarium_view_2e, aquarium_balcony_3a,
          nicolae_shop_gadgets
D:5:      layout_basic, serial_co_window_serial, co_window_of_opportunity_a,
          co_window_corner_a, co_window_paths_a, co_window_paths_b,
          co_window_corner_a, co_window_paths_a, co_window_paths_b,
          co_window_paths_c, co_window_broadway_c, co_window_broadway_b,
          co_window_paths_d, glass_columns_a, st_stairs_14,
          nicolae_alphabet_shops, chequers_serial_rivers_marsh,
          dreamdust_gnoll_farm, uniq_edmund
D:6:      layout_loops_ring, nicolae_overflow_hallway_of_the_gods,
          minmay_temple_entry_drinking_statues, serial_shops,
          nicolae_shop_behind_doors, grunt_ministairs_9,
          minmay_misc_feat_diagonals, corexii_corridor_pit, minmay_crossroads
D:7:      layout_basic, mainiacjoe_overflow_alcove_4,
          mainiacjoe_overflow_cross_hatched, serial_shops, nicolae_shop_crystal,
          corner_web_ring, small_statue_alley_b, guppyfry_early_elven_hall
D:8:      layout_rooms, serial_shops, shop, water_maze_lemuel, uniq_joseph
D:9:      layout_roguey, serial_bayou_crossing
D:10:     layout_roguey, erik_lair_dragon, erik_orc_4, due_unseen_surprise,
          uniq_grum, uniq_lodul

Skill      XL: |  1  2  3  4  5  6  7  8  9 10 11 |
---------------+----------------------------------+-----
Fighting       | 4 5 6 7 8 10 11 12 | 12.7
Armour         | 4 5 6 7 8 9 |  9.4
Staves         | 3 4 5 6 7 8 |  8.3
Shields        | 5 |  5.0
Invocations    | 2 5 6 |  6.1

Action                   |  1- 3 |  4- 6 |  7- 9 | 10-12 || total
-------------------------+-------+-------+-------+-------++-------
Melee: Quarterstaff      |    44 |   122 |   287 |   283 ||   736
Invok: Grow Ballistomyce |       |       |       |     4 ||     4
       Grow Oklob        |       |       |       |     1 ||     1
 Abil: Dig               |       |       |       |     2 ||     2
       Shaft Self        |       |       |       |     1 ||     1
Evoke: Wand              |       |       |       |    14 ||    14
  Use: Scroll            |       |       |     9 |     3 ||    12
       Potion            |       |       |       |     2 ||     2
 Stab: Confused          |       |       |       |     2 ||     2
Armor: Scale mail        |    10 |    18 |       |       ||    28
       Chain mail        |       |    28 |   104 |   129 ||   261
Dodge: Dodged            |    17 |    69 |   139 |   172 ||   397
Block: Buckler           |     8 |    25 |    61 |    63 ||   157
